[Event "Early-Titled-Tuesday-Blitz-July-09-2024"]
[Site "Chess.com"]
[Date "2024.07.09"]
[Round "11"]
[White "Cherepov_Alexej"]
[Black "RTchess367"]
[Result "1-0"]
[WhiteElo "2440"]
[BlackElo "2305"]
[TimeControl "180+1"]
[EndTime "10:07:28 PDT"]
[Termination "Cherepov_Alexej won by resignation"]

1. d4 Nf6 2. c4 g6 3. Nc3 d5 4.
Nf3 Bg7 5. Bg5 Ne4 6. cxd5 Nxc3 7. bxc3 Qxd5 8. e3 c5 9. Be2 Nc6 10. O-O O-O 11. Rb1 b6 12. c4 Qd8 13. d5 Ne5 14.
Nd2 h6 15. Bh4 g5 16. Bg3 e6 17. f4 Ng6 18. Bf3 gxf4 19. exf4 Bb7 20. dxe6 Bxf3 21. exf7+ Rxf7 22. Nxf3 Nxf4 23. Bxf4 Rxf4 24. Qc2 Qf8 25. Rbd1 Re8 26. Rfe1 Rf7 27. Qg6 Rfe7 28. Rxe7 Qxe7 29. h3 Qe3+ 30. Kh1 Re6 31. Qf5 Re8 32. Re1 Qxe1+ 33. Nxe1 Rxe1+ 34. Kh2 Be5+ 35. g3 Re2+ 36. Kg1 Bd4+ 37. Kf1 Rf2+ 38. Qxf2 Bxf2 39. Kxf2 Kf7 40.
Ke3 Kf6 41. Ke4 h5 42. a4 Kg5 43. Kd5 Kf5 44. Kc6 Ke4 45. g4 hxg4 46. hxg4 Kf4 47. Kb7 Kxg4 48. Kxa7 Kf4 49. Kxb6 Ke4 50. Kxc5 Kd3 51. a5 Kc3 52. a6 Kb3 53. a7 Kc3 54.
a8=Q Kb3 55. Kd4 Kc2 56. Qa2+ Kd1 57. Kd3 1-0

[Event "Early-Titled-Tuesday-Blitz-July-09-2024"]
[Site "Chess.com"]
[Date "2024.07.09"]
[Round "11"]
[White "bubeliang"]
[Black "Trendle"]
[Result "1-0"]
[WhiteElo "2814"]
[BlackElo "2674"]
[TimeControl "180+1"]
[EndTime "10:07:29 PDT"]
[Termination "bubeliang won by resignation"]

1. e4 e6 2. d4 d5 3. Nc3 Bb4 4. Ne2 Nc6 5. a3 Ba5 6. exd5 exd5 7. g3 Nge7 8. Bg2 O-O 9. O-O Bg4 10. h3 Bf5 11.
Be3 Bxc3 12. Nxc3 Qd7 13. Kh2 Bg6 14. Qd2 Rae8 15. Rfe1 Nd8 16. Ne2 Nf5 17. Nf4 Nxe3 18. Rxe3 Rxe3 19. Qxe3 Re8 20. Qd2 Be4 21. Re1 Bxg2 22.
Nxg2 Rxe1 23. Qxe1 Qe6 24. Qa5 Qc6 25. Qxa7 Kf8 26.
c3 Qb5 27. Qb8 Ke8 28. Qxc7 Qxb2 29. Qe5+ Ne6 30. f4 g6 31. Qxd5 Qxc3 32. Qe4 Qxd4 33.
Qxb7 Qf2 34. Qb8+ Ke7 35. Qb4+ Ke8 36. Qe4 Kf8 37. Qe3 Qa2 38. Qc3 h5 39. f5 gxf5 40. Qh8+ Ke7 41. Qxh5 f4 42. Qh4+ Ke8 43. gxf4 Qxa3 44.
f5 Qd6+ 45. Qg3 Qxg3+ 46. Kxg3 Nd4 47. Kg4 Kf8 48. f6 Kg8 49. h4 Kh7 50. h5 Kh6 51.
Nh4 Nc6 52. Nf5+ Kh7 53. Nd6 Ne5+ 54. Kf5 Nf3 55. Nxf7 Nh4+ 56. Kg4 Ng2 57. Ng5+ Kh6 58. f7 Kg7 59. h6+ Kf8 60. h7 Ne3+ 61. Kf3 1-0

[Event "Early-Titled-Tuesday-Blitz-July-09-2024"]
[Site "Chess.com"]
[Date "2024.07.09"]
[Round "11"]
[White "2Coaches1Profile"]
[Black "yonaltimur"]
[Result "1-0"]
[WhiteElo "2600"]
[BlackElo "2292"]
[TimeControl "180+1"]
[EndTime "10:07:32 PDT"]
[Termination "2Coaches1Profile won on time"]

1. d4 d5 2. Nf3 Nf6 3. e3 e6 4. Nbd2 Bd6 5. Bd3 O-O 6. O-O Nbd7 7. e4 dxe4 8. Nxe4 Nxe4 9. Bxe4 Nf6 10. Bd3 h6 11.
Qe2 c5 12. dxc5 Bxc5 13. Bf4 Qe7 14. Rad1 b6 15. Ne5 Bb7 16. Bg3 Rfd8 17. Bh4 g5 18. Bg3 Kg7 19. h4 Rd4 20. c3 Rd5 21. hxg5 hxg5 22.
b4 Bd6 23. c4 Rd4 24. Qe3 Rf4 25. Bxf4 gxf4 26. Qxf4 Rg8 27. c5 bxc5 28. Qg5+ Kf8 29.
Qh6+ Ke8 30. Bb5+ Kd8 31. Rxd6+ Qxd6 32. Nxf7+ Kc7 33. Nxd6 Rxg2+ 34. Kh1 Rg6+ 35. Nxb7 Rxh6+ 36. Kg2 Kxb7 37. bxc5 Rh5 38. c6+ Kc7 39. a4 Nd5 40. Re1 Rf5 41. Kg3 e5 42. Bd3 Rg5+ 43. Kh4 Rg7 44.
Rxe5 Nf4 45. Be4 Ng6+ 46. Bxg6 Rxg6 47. Re7+ Kxc6 48. Rxa7 Rg2 49. f4 Kd5 50. Re7 Ra2 51.
f5 Rxa4+ 52. Kg5 Kd6 53. Re1 Ra7 54. Kg6 1-0

[Event "Early-Titled-Tuesday-Blitz-July-09-2024"]
[Site "Chess.com"]
[Date "2024.07.09"]
[Round "11"]
[White "annasargsyan_m"]
[Black "shimastream"]
[Result "1-0"]
[WhiteElo "2696"]
[BlackElo "2893"]
[TimeControl "180+1"]
[EndTime "10:07:34 PDT"]
[Termination "annasargsyan_m won on time"]

1. e4 d5 2. exd5 Qxd5 3. Nf3 Bg4 4. Be2 Nc6 5. O-O O-O-O 6. d3 e5 7. h3 Bf5 8. Nc3 Qd7 9. Be3 f6 10. a3 g5 11. Nh2 Nge7 12. b4 Nd4 13. Ne4 Nd5 14. c3 Nxe2+ 15. Qxe2 Be7 16. c4 Nf4 17. Bxf4 gxf4 18.
Qh5 Bg6 19. Qh6 Qxd3 20. Nc5 Qxc4 21. Rfc1 Qf7 22. Ng4 Rd5 23. f3 Rhd8 24. Nf2 f5 25. Rc2 Bf6 26. Rac1 Kb8 27. Nb3 c6 28. Na5 Qe7 29.
Rxc6 Bg5 30. Re6 Qxe6 31. Qxg5 Rd2 32. h4 Qb6 33. Rc5 Qe6 34. h5 Bf7 35. Qg7 R2d7 36. Qxe5+ Qxe5 37. Rxe5 Bxh5 38. Rxf5 Bg6 39. Rxf4 Rc8 40.
Nb3 b6 41. b5 Rc3 42. Nd4 Rxa3 43. Nc6+ Kb7 44. Ng4 a5 45. Nge5 Rg7 46. Rf8 Rc3 47.
Rb8+ Kc7 48. Ra8 Kd6 49. Rd8+ Kc5 50. Nd4 Rc1+ 51. Kh2 Re7 52. Nb3+ Kxb5 53. Nxg6 1-0

[Event "Early-Titled-Tuesday-Blitz-July-09-2024"]
[Site "Chess.com"]
[Date "2024.07.09"]
[Round "11"]
[White "Radislav_Atanasov"]
[Black "GrotBchess"]
[Result "0-1"]
[WhiteElo "2413"]
[BlackElo "2587"]
[TimeControl "180+1"]
[EndTime "10:07:34 PDT"]
[Termination "GrotBchess won on time"]

1. e4 c5 2. c3 Nf6 3. e5 Nd5 4. d4 cxd4 5. Nf3 e6 6. cxd4 b6 7. a3 Bb7 8. Bd3 Be7 9. O-O d6 10. Re1 Nd7 11. Qe2 dxe5 12. dxe5 Rc8 13. Bd2 Nc5 14. Bb5+ Bc6 15. Bxc6+ Rxc6 16. Nd4 Rc8 17. Nc3 Nxc3 18. Bxc3 O-O 19. Rad1 Qc7 20. Nb5 Qb7 21. Nd6 Bxd6 22. exd6 Qd7 23. Qg4 f5 24. Qd4 Ne4 25. Bb4 a5 26. Bd2 Rc6 27. Bf4 Rfc8 28.
Be5 Rc4 29. Qxb6 R4c5 30. f3 Rxe5 31. fxe4 fxe4 32. Rd4 e3 33. Rd3 e2 34. Rd2 Rc6 35.
Qb8+ Rc8 36. Qb6 Rb5 37. Qd4 Rd5 38. Qe3 Qxd6 39. Rxd5 exd5 40. Qxe2 d4 41. Qe6+ Qxe6 42. Rxe6 Rc1+ 43. Kf2 Rc2+ 44. Kf3 Rxb2 45. Rd6 Rb3+ 46. Ke4 Rxa3 47. Rxd4 Ra2 0-1

[Event "Early-Titled-Tuesday-Blitz-July-09-2024"]
[Site "Chess.com"]
[Date "2024.07.09"]
[Round "11"]
[White "rhungaski"]
[Black "amylazy"]
[Result "1-0"]
[WhiteElo "2640"]
[BlackElo "2490"]
[TimeControl "180+1"]
[EndTime "10:07:38 PDT"]
[Termination "rhungaski won by resignation"]

1. Nf3 Nf6 2. g3 g6 3. Bg2 Bg7 4. O-O O-O 5. d3 d5 6. Nbd2 c6 7. e4 dxe4 8. dxe4 Nbd7 9. Re1 Qc7 10. Qe2 e6 11. a4 b6 12. a5 b5 13. c3 a6 14. b3 Bb7 15. Bb2 c5 16. c4 b4 17.
e5 Ng4 18. h3 Nh6 19. g4 Rfd8 20. Ne4 Nxe5 21. Nxe5 Bxe5 22. Nf6+ Bxf6 23. Bxf6 Rd7 24. Bxb7 Qxb7 25. Rad1 Kf8 26. Qe5 Ng8 27. Qxc5+ Ke8 28.
Bg5 h6 29. Bh4 g5 30. Bg3 Rad8 31. Rd6 Rxd6 32. Bxd6 Qd7 33. Rd1 Nf6 34. Qe5 Qc6 35.
c5 Qf3 36. Re1 Kd7 37. Re3 Qd1+ 38. Kg2 Qd5+ 39. Rf3 Qxe5 40. Bxe5 Ne4 41. Rxf7+ Kc6 42. Rc7+ Kb5 43. c6 Rd2 44. Kf3 Nxf2 45. Rd7 Rc2 46. c7 Nxh3 47. Rd8 Ng1+ 48. Ke3 Ne2 49. c8=Q 1-0

[Event "Early-Titled-Tuesday-Blitz-July-09-2024"]
[Site "Chess.com"]
[Date "2024.07.09"]
[Round "11"]
[White "Austen48"]
[Black "kritipatel"]
[Result "0-1"]
[WhiteElo "2256"]
[BlackElo "2141"]
[TimeControl "180+1"]
[EndTime "10:07:38 PDT"]
[Termination "kritipatel won by resignation"]

1. d4 d5 2. c4 e6 3. Nc3 Nf6 4. cxd5 exd5 5. Bg5 Be7 6. e3 O-O 7. Bd3 c6 8. Qc2 h6 9. Bh4 Re8 10. Nf3 Ne4 11. Bxe7 Qxe7 12. Bxe4 dxe4 13. Nd2 Bf5 14. h3 Nd7 15. O-O-O Rac8 16. Kb1 Nf6 17. Nc4 Nd5 18. Qb3 b5 19. Nd2 Qd6 20. Nxd5 cxd5 21. Rc1 b4 22. Qa4 a6 23. Nb3 Bd7 24. Qa5 Bb5 25. Nc5 Re7 26.
Qxb4 Rec7 27. Rc3 Qf6 28. Rhc1 Qxf2 29. g4 Qf3 30. a4 Be2 31. Ka1 Qxh3 32. Nxa6 Rxc3 33.
Rxc3 Rxc3 34. Qxc3 Bxa6 35. Qc6 Qf1+ 36. Ka2 Bc4+ 37.
Ka3 Qa1+ 38. Kb4 Qxb2+ 39. Kc5 Qa3+ 40. Kb6 Qb4+ 41. Kc7 Qa5+ 42. Kd6 Bb3 43. Ke5 Bxa4 44. Qxd5 Qxd5+ 45. Kxd5 Bc2 46. Ke5 Kf8 47. d5 Ke7 48.
Kd4 Kd6 49. Kc3 Bd3 50. Kd4 f6 0-1

[Event "Early-Titled-Tuesday-Blitz-July-09-2024"]
[Site "Chess.com"]
[Date "2024.07.09"]
[Round "11"]
[White "chipmunknau"]
[Black "alexrustemov"]
[Result "0-1"]
[WhiteElo "2709"]
[BlackElo "2879"]
[TimeControl "180+1"]
[EndTime "10:07:40 PDT"]
[Termination "alexrustemov won by resignation"]

1. d4 g6 2. g3 Bg7 3. Bg2 c5 4. Nf3 cxd4 5. Nxd4 Nc6 6. Nb3 Nf6 7. c4 d6 8. Nc3 Be6 9. c5 d5 10. O-O O-O 11. Bg5 d4 12. Nb5 h6 13. Bxf6 Bxf6 14.
Bxc6 bxc6 15. N5xd4 Bxb3 16. Nxb3 Bxb2 17. Qxd8 Rfxd8 18.
Rab1 Ba3 19. Rfd1 f5 20. Nd4 Bxc5 21. Nxc6 Rxd1+ 22. Rxd1 Rc8 23. Ne5 Kg7 24. Rd7 Kf6 25. Nd3 Bb6 26. a4 Ke6 27. Rb7 Rc7 28. Rb8 Rc4 29.
Nf4+ Kf7 30. Nd5 Bd4 31. e3 Bf6 32. a5 Rc5 33. Nxf6 Kxf6 34. Rf8+ Kg7 35. Re8 Kf7 36. Rh8 h5 37. a6 Ra5 38. Ra8 Rxa6 39. h4 e5 40. Kg2 e4 41. Kf1 Ra2 42. Kg2 Ke6 43. Rg8 Kf7 44. Ra8 Ra6 45. Kf1 Ke6 46. Ke2 Kd5 47.
Kf1 Kc4 48. Ke2 Kb5 49. Kd2 Rd6+ 50. Ke2 a5 51. Rb8+ Rb6 52. Ra8 Ra6 53. Rb8+ Kc4 54.
Rc8+ Kd5 55. Rd8+ Ke6 56. Re8+ Kd7 57. Rb8 a4 58. Rb2 a3 59. Ra2 Kc6 60. Kd2 Kb5 61. Kc3 Ka4 62. Rd2 Rc6+ 0-1

[Event "Early-Titled-Tuesday-Blitz-July-09-2024"]
[Site "Chess.com"]
[Date "2024.07.09"]
[Round "11"]
[White "Sic_Transit_GM"]
[Black "CSB7"]
[Result "0-1"]
[WhiteElo "2621"]
[BlackElo "2775"]
[TimeControl "180+1"]
[EndTime "10:07:41 PDT"]
[Termination "CSB7 won by checkmate"]

1. Nf3 d5 2. e3 Nf6 3. c4 e6 4. Nc3 c5 5. cxd5 Nxd5 6. Nxd5 exd5 7. b4 c4 8. Bb2 Bxb4 9. Bxg7 Rg8 10. Bb2 Nc6 11.
a3 Ba5 12. Qc2 Rg6 13. Be2 Rxg2 14. Qxh7 Be6 15. Nh4 Rg5 16. f4 Qb6 17. Bf6 Qxe3 18. fxg5 Qxd2+ 19. Kf1 Bh3+ 20. Kf2 Bb6+ 21. Kg3 Qe3+ 22.
Bf3 Be6 23. Rhf1 Nd4 24. Qg8+ Kd7 25. Bxd4 Bxd4 26. Nf5 Bxf5 27. Qxf7+ Kd6 28. Qxf5 Be5+ 29. Kg2 Bxa1 30. Qg4 Qd2+ 31. Rf2 Qc1 32. g6 Rg8 33. Qg3+ Kc6 34. Bxd5+ Kxd5 35. Qf3+ Kc5 36. Qf5+ Kb6 37.
Qe6+ Ka5 38. Qxg8 Qg5+ 39. Kf1 Qc1+ 40. Kg2 Qg5+ 41. Kf3 Qf5+ 42. Ke2 Qd3+ 43. Ke1 Bc3+ 44. Rd2 Bxd2+ 45. Kd1 Be3+ 46. Ke1 Qd2+ 47. Kf1 Qf2# 0-1

[Event "Early-Titled-Tuesday-Blitz-July-09-2024"]
[Site "Chess.com"]
[Date "2024.07.09"]
[Round "11"]
[White "Feegus"]
[Black "lu1860"]
[Result "0-1"]
[WhiteElo "2566"]
[BlackElo "2118"]
[TimeControl "180+1"]
[EndTime "10:07:41 PDT"]
[Termination "lu1860 won by resignation"]

1. d4 d5 2. c4 c6 3. cxd5 cxd5 4. Bf4 Nc6 5. Nc3 Nf6 6. e3 a6 7. Bd3 Bg4 8. Qb3 Na5 9. Qc2 Rc8 10. f3 Bd7 11. Nge2 e6 12. O-O Be7 13. e4 g6 14.
e5 Nh5 15. Be3 Nc4 16. Bf2 Bg5 17. f4 Nxf4 18. Nxf4 Bxf4 19. Qe2 Bh6 20. Kh1 O-O 21. Rab1 Nd2 22. Be3 Bxe3 23. Qxe3 Nxf1 24. Rxf1 Kg7 25. Rf6 b5 26. h4 b4 27. Ne2 Bb5 28. Bxb5 axb5 29.
Ng3 h6 30. Nh5+ Kh7 31. Rf3 Rc4 32.
Nf6+ Kg7 33. Qd3 Qb6 34. Rf4 Qc7 35. h5 Rc1+ 36. Kh2 Qc2 37. Qf3 g5 38. Rg4 Qf5 39. Qe3 Rc2 40. Rg3 Rxb2 41. Ng4 Rc8 42. Kh3 Rc3 43.
Qe1 Rxg3+ 44. Qxg3 Rc2 45. Kh2 Rc3 46. Ne3 Qe4 0-1

[Event "Early-Titled-Tuesday-Blitz-July-09-2024"]
[Site "Chess.com"]
[Date "2024.07.09"]
[Round "11"]
[White "glucolisis04"]
[Black "RedFirePanda"]
[Result "1-0"]
[WhiteElo "2301"]
[BlackElo "2411"]
[TimeControl "180+1"]
[EndTime "10:07:41 PDT"]
[Termination "glucolisis04 won by resignation"]

1. d4 d5 2. c4 dxc4 3. e4 Nf6 4. e5 Nd5 5. Bxc4 c6 6. Nc3 Nb6 7. Bb3 Bf5 8. Nge2 e6 9. O-O Be7 10. Be3 O-O 11. Ng3 Bg6 12. f4 Nd5 13. Nxd5 cxd5 14. f5 exf5 15. Nxf5 Bg5 16. Qd2 Bxe3+ 17. Qxe3 Nc6 18.
Nd6 Qb6 19. Rad1 Ne7 20. Qg5 Qd8 21. Nxb7 Qc7 22. Nd6 h6 23. Qg4 a5 24. Rc1 Qa7 25. Kh1 a4 26. Bc2 Bxc2 27. Rxc2 Qa6 28. Rcf2 Ng6 29. h3 Kh7 30. Rxf7 Qxf1+ 31. Rxf1 Rxf1+ 32. Kh2 Rf4 33. Qd7 Rf2 34. Ne8 Rxe8 35. Qxe8 Nf4 36. Kg3 Rf1 37. e6 Nh5+ 38. Kh2 Re1 39. e7 Nf6 40. Qf7 Re4 41. b3 axb3 42. axb3 Rf4 43. Qxf6 Rxf6 44. e8=Q Rf8 45. Qe5 1-0

[Event "Early-Titled-Tuesday-Blitz-July-09-2024"]
[Site "Chess.com"]
[Date "2024.07.09"]
[Round "11"]
[White "Vaathi_Coming"]
[Black "champ2005"]
[Result "0-1"]
[WhiteElo "2925"]
[BlackElo "3054"]
[TimeControl "180+1"]
[EndTime "10:07:42 PDT"]
[Termination "champ2005 won on time"]

1. Nf3 Nf6 2. e3 g6 3. d4 Bg7 4. Be2 O-O 5. O-O d6 6. Nc3 c5 7. d5 e5 8. Nd2 Nbd7 9. a4 a6 10. a5 Ne8 11. Nc4 f5 12. Rb1 e4 13.
Na4 Rb8 14. Bd2 Ne5 15. Nab6 Bd7 16. b4 cxb4 17. Bxb4 Qc7 18. Nxe5 Bxe5 19. c4 Nf6 20. Rc1 f4 21. exf4 Bxf4 22. Rc3 Be5 23. Rc1 Bf4 24. Rc3 Be5 25. Re3 Bf5 26. g3 Rbe8 27. Kg2 h5 28. h3 Rf7 29. g4 hxg4 30. hxg4 Rh7 31. Rh1 Rxh1 32. Qxh1 Nxg4 33. Rh3 Bg7 34. c5 e3 35.
cxd6 Qc2 36. Qd1 Qxd1 37. Bxd1 exf2 38. d7 Bxd7 39. Nxd7 Re1 40. Be2 Rxe2 41. Rf3 Ne3+ 42. Rxe3 Rxe3 43. Kxf2 Rb3 44. Bc5 Rb5 45. Ke3 Kf7 0-1

[Event "Early-Titled-Tuesday-Blitz-July-09-2024"]
[Site "Chess.com"]
[Date "2024.07.09"]
[Round "11"]
[White "bazar-wokzal"]
[Black "NikitaShnadrygin"]
[Result "1-0"]
[WhiteElo "2629"]
[BlackElo "2720"]
[TimeControl "180+1"]
[EndTime "10:07:43 PDT"]
[Termination "bazar-wokzal won on time"]

1. e4 c5 2. c3 Nf6 3. e5 Nd5 4. d4 cxd4 5. cxd4 d6 6. Bc4 Nb6 7. Bb3 Nc6 8. e6 fxe6 9. Nf3 g6 10. h4 Bg7 11. h5 Qc7 12. Nc3 a6 13. hxg6 Bd7 14. gxh7 O-O-O 15. Be3 Kb8 16. Qd3 Nb4 17. Qg6 Bf6 18. Rc1 Be8 19. Qb1 Qd7 20. a3 N4d5 21. Qe4 Bf7 22. Ng5 Bxg5 23. Bxg5 Rc8 24. Nxd5 Rxc1+ 25. Bxc1 exd5 26. Qd3 Qe6+ 27. Be3 Bg6 28. Qd2 Rxh7 29.
Rxh7 Bxh7 30. Qa5 Ka7 31. Qc3 Be4 32. f3 Bf5 33. Kf2 Qd7 34. Bf4 Bg6 35. Bc2 Bxc2 36. Qxc2 Nc4 37. g4 e5 38. Be3 b6 39. b3 Nxe3 40. Kxe3 Qe7 41. Qf5 Qc7 42. Kf2 exd4 43. g5 b5 44. g6 Kb6 45. Kg3 d3 46. Qxd3 Qg7 47. Kg4 d4 48. f4 Kc5 49. Kg5 Kd5 50. Qf5+ Kc6 51. Qf7 Qh8 52. g7 1-0

[Event "Early-Titled-Tuesday-Blitz-July-09-2024"]
[Site "Chess.com"]
[Date "2024.07.09"]
[Round "11"]
[White "djano"]
[Black "JunjiCol"]
[Result "0-1"]
[WhiteElo "2595"]
[BlackElo "2401"]
[TimeControl "180+1"]
[EndTime "10:07:43 PDT"]
[Termination "JunjiCol won on time"]

1. e4 e5 2. d4 exd4 3. c3 Qe7 4. cxd4 Qxe4+ 5. Be2 Qxg2 6. Bf3 Qg6 7. Ne2 Nc6 8. Nbc3 Bb4 9. Rg1 Bxc3+ 10. bxc3 Qf6 11. Nf4 Nge7 12. Nh5 Qe6+ 13. Be3 Qc4 14. Nxg7+ Kd8 15. Qd2 d5 16. Bg5 Rg8 17. Bf6 Bh3 18. Ne6+ Kd7 19. Ng5 Bf5 20. Rg3 Rae8 21. O-O-O Nb4 22. Be2 Nxa2+ 23. Kb2 Qa4 24. Ra1 Qc6 25. Bxe7 Rxe7 26. Kxa2 Rge8 27. Re3 Rxe3 28. fxe3 Rxe3 29. Nf3 Qxc3 30.
Ne5+ Ke7 31. Qxc3 Rxc3 32. Kb2 Re3 33. Bb5 f6 34. Rxa7 fxe5 35. Rxb7 exd4 36. Rxc7+ Kd6 37.
Rf7 Bg6 38. Rf4 Kc5 39. Bf1 d3 40. Kc3 Re4 41. Rf8 Rc4+ 42. Kd2 Rc2+ 43. Kd1 Kd4 44. Rf4+ Ke3 45. Rh4 Rd2+ 46. Ke1 Ra2 47. Rh3+ Kd4 48. Rh4+ Kc3 49. h3 d2+ 50. Ke2 Bd3+ 51. Kf2 d1=Q+ 0-1

[Event "Early-Titled-Tuesday-Blitz-July-09-2024"]
[Site "Chess.com"]
[Date "2024.07.09"]
[Round "11"]
[White "Nemegejas"]
[Black "IlanSchnaider"]
[Result "1-0"]
[WhiteElo "2950"]
[BlackElo "2835"]
[TimeControl "180+1"]
[EndTime "10:07:44 PDT"]
[Termination "Nemegejas won by checkmate"]

1. e4 c5 2. Nf3 d6 3. d4 cxd4 4. Nxd4 Nf6 5. Nc3 a6 6. Be3 Ng4 7. Bg5 h6 8. Bh4 g5 9. Bg3 Bg7 10. h3 Nf6 11. Bc4 O-O 12. O-O Nc6 13. Nf5 Bxf5 14. exf5 Qa5 15. Bd3 Rac8 16. Re1 Rfe8 17. a3 b5 18. f4 b4 19. axb4 Qxb4 20. fxg5 hxg5 21. Bxa6 Ra8 22. Bb5 Qxb2 23. Bxc6 Qb6+ 24. Bf2 Qxc6 25. Bd4 Qc4 26. Rxa8 Rxa8 27. Kh1 Ra5 28. Rxe7 Rxf5 29. Re1 d5 30. Qd3 Rf4 31. Qxc4 dxc4 32. Be3 Rf5 33. Rd1 Nh5 34. Rd8+ Kh7 35. Ne4 Be5 36.
g4 Rf1+ 37. Kg2 Re1 38. Kf2 Rh1 39. Nxg5+ Kg6 40. gxh5+ Kf5 41. Nxf7 Rh2+ 42. Kf1 Bg3 43. Rg8 Ke4 44. Rxg3 Rh1+ 45. Bg1 Kf4 46. Rg4+ Kf3 47. Ne5# 1-0

[Event "Early-Titled-Tuesday-Blitz-July-09-2024"]
[Site "Chess.com"]
[Date "2024.07.09"]
[Round "11"]
[White "Mops_2004"]
[Black "MatthewG-p4p"]
[Result "0-1"]
[WhiteElo "2738"]
[BlackElo "2922"]
[TimeControl "180+1"]
[EndTime "10:07:45 PDT"]
[Termination "MatthewG-p4p won on time"]

1. g3 c5 2. Bg2 g6 3. c4 Bg7 4. Nc3 Nc6 5. d3 e6 6. h4 h6 7. h5 g5 8. f4 gxf4 9. Bxf4 d6 10. Nh3 Nge7 11. Nf2 e5 12. Bd2 Be6 13. Nd5 Rb8 14. Rb1 b5 15. cxb5 Nd4 16. Nc3 Nxb5 17. Nxb5 Rxb5 18.
Ne4 O-O 19. Qc1 Kh7 20. O-O f5 21. Nc3 Rb8 22. e4 f4 23. gxf4 exf4 24. Bxf4 Nc6 25.
Qe1 Nd4 26. Qg3 Rg8 27. Kh1 Bf6 28. Qh2 Qd7 29. Rf2 Rbd8 30. Rbf1 Bg7 31. Bg3 Bg4 32.
Nd5 Qe6 33. Rf7 Kh8 34. R7f2 Rdf8 35. Nf4 Qxa2 36. Ng6+ Kh7 37. Nxf8+ Bxf8 38. Rxf8 Rg7 39. R8f2 Be2 40. Rg1 Bxd3 41. Bxd6 Ne2 42. Be5 Rg5 43. Bf6 Ng3+ 44. Qxg3 Rxg3 45. Kh2 Rg4 46. Rf3 Qe6 47. Bh3 Qd6+ 0-1

[Event "Early-Titled-Tuesday-Blitz-July-09-2024"]
[Site "Chess.com"]
[Date "2024.07.09"]
[Round "11"]
[White "SpeedofLight0"]
[Black "Nitzan_Steinberg"]
[Result "0-1"]
[WhiteElo "3123"]
[BlackElo "2887"]
[TimeControl "180+1"]
[EndTime "10:07:46 PDT"]
[Termination "Nitzan_Steinberg won by checkmate"]

1. d4 Nf6 2. Nc3 d5 3. Bf4 e6 4. e3 a6 5. g4 Bb4 6. g5 Ne4 7.
Ne2 c5 8. h4 Nc6 9. Bg2 cxd4 10.
exd4 Nxc3 11. bxc3 Be7 12. Qd3 Bd7 13. Qg3 Qa5 14. h5 Qa4 15. Rc1 Ba3 16. Rb1 b5 17. Rb3 Be7 18. O-O Na5 19. h6 Rg8 20. Qd3 gxh6 21.
Qxh7 O-O-O 22. g6 Rxg6 23. Qxf7 Rdg8 24. Bg3 Bd6 25. Nf4 R8g7 26. Qxg6 Rxg6 27. Nxg6 Bxg3 28.
fxg3 Nxb3 29. axb3 Qa2 30. Ne5 Be8 31. Rf8 Kd8 32. Bf3 Qa1+ 33. Kg2 Ke7 34. Rh8 Qxc3 35. Rh7+ Kd6 36. Ra7 Qd2+ 37. Kh3 Qxd4 38. Nf7+ Bxf7 39. Rxf7 a5 40. Rb7 a4 41. Rxb5 a3 42. Ra5 Qb2 43. c4 a2 44. c5+ Ke5 45. c6 a1=Q 46. Rxa1 Qxa1 47. c7 Qc3 48. c8=Q Qxc8 49. Bg4 Qc3 50. Kh4 Qxb3 51. Bh3 Qe3 52. Kg4 d4 53. Bg2 d3 54.
Bf3 d2 55. Kh4 Qxf3 56. g4 Kf4 57. Kh5 Qxg4+ 58. Kxh6 Qg5+ 59. Kh7 d1=Q 60. Kh8 Qh1# 0-1

[Event "Early-Titled-Tuesday-Blitz-July-09-2024"]
[Site "Chess.com"]
[Date "2024.07.09"]
[Round "11"]
[White "Sam_ChessMood"]
[Black "Byniolus"]
[Result "0-1"]
[WhiteElo "2919"]
[BlackElo "2805"]
[TimeControl "180+1"]
[EndTime "10:07:48 PDT"]
[Termination "Byniolus won by resignation"]

1. d4 d6 2. c4 e5 3. Nf3 exd4 4. Nxd4 g6 5. Nc3 Bg7 6. e3 Ne7 7. Be2 O-O 8. O-O Nbc6 9. Nf3 Ne5 10. Nxe5 dxe5 11. Qb3 c6 12. Rd1 Qc7 13. Bd2 Be6 14.
Ne4 b6 15. Bb4 c5 16. Be1 f5 17. Nc3 e4 18. Nd5 Nxd5 19. cxd5 Bf7 20. Bc3 Rad8 21. Bc4 Rd6 22. Rd2 Rfd8 23. Rad1 Qe7 24. a4 Bxc3 25. Qxc3 Qf6 26. Qa3 Qe5 27. g3 Kg7 28. b4 cxb4 29. Qxb4 a5 30. Qb3 g5 31. Rd4 h5 32. Qc2 Kf6 33. Qe2 h4 34. f4 exf3 35. Qxf3 hxg3 36. hxg3 Rh8 37. Rf1 Bg6 38. Re4 Qb2 39.
Be2 Rxd5 40. Rc4 Rd6 41. Rc6 Rd8 42. Rc7 Qe5 43. Bc4 R8d7 44. Rc8 Rd8 45. Rc7 Rd2 46. Rb1 Qxc7 47. Be2 Qe5 48. Rxb6+ R8d6 49. Rb7 Qe4 50. Qf2 Rd1+ 0-1

[Event "Early-Titled-Tuesday-Blitz-July-09-2024"]
[Site "Chess.com"]
[Date "2024.07.09"]
[Round "11"]
[White "vikber19611"]
[Black "DarkPassenger007"]
[Result "0-1"]
[WhiteElo "1737"]
[BlackElo "2216"]
[TimeControl "180+1"]
[EndTime "10:07:48 PDT"]
[Termination "DarkPassenger007 won on time"]

1. e4 c6 2. d4 d5 3. Nc3 dxe4 4. Nxe4 Nf6 5. Nxf6+ exf6 6. Nf3 Bd6 7. Bd3 O-O 8.
O-O Bg4 9. h3 Bh5 10. g4 Bg6 11.
Bxg6 hxg6 12. Re1 Bc7 13. Kg2 Qd6 14. Qe2 Nd7 15. Qe7 Nb6 16. Qxd6 Bxd6 17. b3 Bb4 18. Bd2 Nd5 19. a3 Bc3 20. Bxc3 Nxc3 21. Re7 Rab8 22.
Rae1 Nd5 23. Rd7 Rfd8 24. Rxd8+ Rxd8 25. c4 Nf4+ 26. Kg3 Ne6 27. Rd1 g5 28. Kg2 Nf4+ 29. Kg3 Ne2+ 30. Kg2 Nf4+ 31. Kg3 b5 32. h4 Ne2+ 33. Kg2 Nf4+ 34. Kg3 Ne2+ 35. Kg2 gxh4 36.
Kh3 g5 37. d5 Nf4+ 38. Kh2 cxd5 39. cxb5 Rc8 40. Nd4 Rc3 41. Rb1 Rd3 42. Nf5 Rd2 43.
Kg1 Nh3+ 44. Kg2 Nxf2 45. a4 Nxg4+ 46. Kh3 Ne5 47. a5 Rd3+ 48. Kg2 h3+ 0-1

[Event "Early-Titled-Tuesday-Blitz-July-09-2024"]
[Site "Chess.com"]
[Date "2024.07.09"]
[Round "11"]
[White "Zavgorodniy_Sergiy"]
[Black "chess_blitz00"]
[Result "1/2-1/2"]
[WhiteElo "2666"]
[BlackElo "2538"]
[TimeControl "180+1"]
[EndTime "10:07:49 PDT"]
[Termination "Game drawn by repetition"]

1. d4 d6 2. e4 Nf6 3. Nc3 e5 4.
Nge2 Be7 5. h3 O-O 6. g3 d5 7. dxe5 Nxe4 8. Nxe4 dxe4 9. Qxd8 Rxd8 10. Bg2 Nc6 11.
Bxe4 Nxe5 12. Bd2 Be6 13. Nf4 Bg5 14. O-O-O Nc4 15. Nxe6 Bxd2+ 16. Kb1 fxe6 17. Bd3 Nxb2 18. Kxb2 Bg5 19. Bc4 Bf6+ 20. Kb3 Kf7 21. f4 a6 22. f5 Ke7 23. Bxe6 Rxd1 24. Rxd1 Rd8 25. Re1 Kf8 26. a4 Rd6 27. Bc8 Rb6+ 28. Kc4 Rc6+ 29. Kd3 Rc3+ 30. Ke4 b5 31. a5 Rxg3 32. Bxa6 Ra3 33. Bxb5 Rxa5 34.
Rb1 c6 35. Bxc6 Rc5 36. Rb8+ Ke7 37. Re8+ Kf7 38. Rc8 Ke7 39. Bb7 Rxc8 40. Bxc8 h6 41.
Kd5 Kd8 42. Be6 Kc7 43. c4 Ba1 44. Bf7 Bf6 45. Ke6 Ba1 46. Be8 Bf6 47. Ba4 Bc3 48. Kf7 Bf6 49. Bd1 Kd6 50. Bf3 Kc5 51. Bd5 Bd4 52. Ke6 Bf6 53. Kf7 Bd4 54. Ke6 Bf6 55. Kf7 1/2-1/2

[Event "Early-Titled-Tuesday-Blitz-July-09-2024"]
[Site "Chess.com"]
[Date "2024.07.09"]
[Round "11"]
[White "ThetNaung291"]
[Black "mapleaff"]
[Result "1-0"]
[WhiteElo "2451"]
[BlackElo "2356"]
[TimeControl "180+1"]
[EndTime "10:07:49 PDT"]
[Termination "ThetNaung291 won by resignation"]

1. e4 c5 2. Nc3 a6 3. a4 e6 4. d3 Nc6 5. f4 Nge7 6. Nf3 g6 7.
Be3 b6 8. a5 Nxa5 9. Na4 Bg7 10.
c3 O-O 11. Qc2 Nac6 12. Be2 d5 13. O-O Bb7 14. exd5 Nxd5 15. Bd2 Rc8 16. Ng5 Ba8 17. Ne4 Nce7 18. b3 Nf5 19. Qc1 Qc7 20. Bf3 Rfd8 21. Nb2 Bb7 22. g3 b5 23. Bg2 b4 24.
Nc4 Nxc3 25. Nxc3 bxc3 26. Bxc3 Bxg2 27. Kxg2 Rxd3 28. Bxg7 Kxg7 29. Qb2+ f6 30. Rad1 Rcd8 31. Rxd3 Rxd3 32. Qe2 Qc6+ 33. Kg1 Rxb3 34. Na5 Nd4 35. Nxc6 Nxc6 36. Qxe6 Nd4 37. Qe7+ Kh6 38. Qxf6 Nf5 39. Qg5+ Kg7 40. Re1 Rb7 41. g4 Nd4 42. Re7+ Rxe7 43. Qxe7+ Kg8 44. Qxc5 Nf3+ 45. Kf2 Nd2 46. Qd5+ 1-0